 Dungeon Crawl Stone Soup version 0.14-a0-1313-gb2df4ef (webtiles) character file.

104 M4edhros the Stinger (level 3, -1/21 HPs)
             Began as an Octopode Venom Mage on Dec 6, 2013.
             Slain by a hound (3 damage)
             ... on Level 4 of the Dungeon.
             The game lasted 00:01:47 (1681 turns).

M4edhros the Stinger (Octopode Venom Mage)          Turns: 1681, Time: 00:01:47

HP  -1/21        AC  1     Str  7      XL: 3   Next: 35%
MP   4/6         EV 12     Int 18      God:
Gold 69          SH  0     Dex 12      Spells:  3 memorised,  1 level left

rFire  . . .     SeeInvis .     a - +1,+0 dwarf short sword
rCold  . . .     Clarity  .     (no shield)
rNeg   . . .     Conserve .     (helmet restricted)
rPois  .         rCorr    .     (no amulet)
rElec  .         rRot     .     (no ring)
SustAb . .       Spirit   .     (no ring)
rMut   .         Warding  .     (no ring)
Saprov . . .     Stasis   .     (no ring)
                                (no ring)
                                (no ring)
                                (no ring)
                                (no ring)

@: not resistant to hostile enchantments, quite stealthy
A: almost no armour, amphibious, 8 rings, constrict 8, camouflage 1, gelatinous
body 1
a: no special abilities


You were on level 4 of the Dungeon.
You were not hungry.

You visited 1 branch of the dungeon, and saw 4 of its levels.

You collected 69 gold pieces.

Inventory:

Hand weapons
 a - a +1,+0 dwarven short sword (weapon)
Comestibles
 c - a bread ration
Scrolls
 d - 2 scrolls of identify {unknown}
 g - a scroll of teleportation {unknown}
 j - a scroll of remove curse {unknown}
 k - a scroll of enchant armour {unknown}
Jewellery
 h - an uncursed ring of invisibility {unknown}
Potions
 e - 3 potions of curing {unknown}
 f - a potion of heal wounds {unknown}
 i - a potion of restore abilities {unknown}
Books
 b - a Young Poisoner's Handbook

   Spells                             Type                      Level
   *Sting                             Conjuration/Poison           1
   *Cure Poison                       Poison                       2
   *Mephitic Cloud                    Conjuration/Poison/Air       3
   Olgreb's Toxic Radiance            Poison                       4
   Venom Bolt                         Conjuration/Poison           5


   Skills:
 - Level 2.0 Dodging
 - Level 2.6 Stealth
 + Level 2.6 Spellcasting
 + Level 1.4 Conjurations
 + Level 5.2 Poison Magic


You had one spell level left.
You knew the following spells:

 Your Spells              Type           Power        Failure   Level  Hunger
a - Sting                 Conj/Pois      ##..         6%          1    #......
b - Mephitic Cloud        Conj/Pois/Air  ##......     24%         3    ###....
c - Cure Poison           Pois           ###.......   3%          2    ##.....


Dungeon Overview and Level Annotations

Branches:
Dungeon (4/16)
 Temple: D:4-7

Altars:


Innate Abilities, Weirdness & Mutations

You cannot wear most types of armour.
You are amphibious.
You can wear up to eight rings at the same time.
You can use your tentacles to constrict many enemies at once.
Your skin changes colour to match your surroundings (Stlth).
Your rubbery body absorbs attacks (AC +1).


Message History

* * * LOW HITPOINT WARNING * * *
The hound bites you.
* * * LOW HITPOINT WARNING * * *
Casting: Sting
Confirm with . or Enter, or press ? or * to list all spells.
Aiming: Sting
Press: ? - help, Shift-Dir - straight line, f - hound
Aim: a hound (lightly wounded, constricted by you)
The sting hits the hound.
The hound is lightly wounded.
You constrict the hound. The hound closely misses you.
Casting: Sting
Confirm with . or Enter, or press ? or * to list all spells.
Aiming: Sting
Press: ? - help, Shift-Dir - straight line, f/p - hound
Aim: a hound (lightly wounded, constricted by you)
The sting hits the hound.
The hound is poisoned.
The hound is moderately wounded.
You constrict the hound. The hound barely misses you. The hound bites you.
You die...

. #.# #.# #.#
#.# #.#
##########.#
......(.....#
(.>....h@...#
..#########.#
#.# #.# #.#
#.# #.# #.#
#.#


You could see a hound.

Vanquished Creatures
  A worm (D:2)
  A giant eyeball (D:4)
  2 giant geckos
  2 bats (D:1)
  A giant cockroach (D:3)
  4 goblins
  2 hobgoblins (D:1)
  5 kobolds (D:1)
  2 jackals (D:1)
  7 rats
27 creatures vanquished.

Notes
Turn   | Place    | Note
--------------------------------------------------------------
     0 | D:1      | M4edhros, the Octopode Venom Mage, began the quest for the Orb.
     0 | D:1      | Reached XP level 1. HP: 11/11 MP: 3/3
   255 | D:1      | Reached skill level 5 in Poison Magic
   268 | D:1      | Reached XP level 2. HP: 4/17 MP: 4/4
   745 | D:1      | Reached skill level 1 in Conjurations
  1225 | D:2      | Reached XP level 3. HP: 8/21 MP: 0/6
  1345 | D:2      | Learned a level 3 spell: Mephitic Cloud
  1351 | D:2      | Learned a level 2 spell: Cure Poison
  1585 | D:4      | Paralysed by a giant eyeball for 3 turns
  1681 | D:4      | Slain by a hound

Action                   || total
-------------------------++-------
Melee: Short sword       ||    57
       Unarmed           ||     5
 Cast: Sting             ||    11
 Stab: Sleeping          ||     5
       Distracted        ||     1
